 Dungeon Crawl Stone Soup version 0.28-a0-563-gf77a47075d (webtiles) character file.

Game seed: 3338033369063879319

110267 porpoise the Eclecticist (level 16, -9/87 HPs)
             Began as a Deep Elf Conjurer on Sept 29, 2021.
             Was a High Priest of Vehumet.
             Killed from afar by a shock serpent (15 damage)
             ... with a bolt of electricity
             ... on level 3 of the Snake Pit on Sept 30, 2021.
             The game lasted 02:53:40 (40589 turns).

porpoise the Eclecticist (Deep Elf Conjurer)       Turns: 40589, Time: 02:53:40

Health: -9/87      AC: 17    Str:  7    XL:     16   Next: 6%
Magic:  26/38      EV: 13    Int: 31    God:    Vehumet [*****.]
Gold:   1474       SH: 18    Dex: 16    Spells: 9/47 levels left

rFire   + . .      SeeInvis .   a - staff of conjuration
rCold   . . .      Faith    .   u - +7 buckler of Leaves {Dex+3}
rNeg    . . .      Spirit   .   p - +2 ring mail {rPois}
rPois   +          Reflect  +   O - +2 hat {Int+3}
rElec   .          Harm     .   N - +0 cloak
rCorr   .          Rampage  .   F - +0 pair of gloves
Will    +....                   z - +0 pair of boots
Stlth   +++.......              H - amulet of reflection
HPRegen 0.24/turn               g - +4 ring of protection
MPRegen 0.26/turn               K - ring of protection from fire

@: no status effects
A: no striking features
a: Renounce Religion


You were on level 3 of the Snake Pit.
You worshipped Vehumet.
Vehumet was extremely pleased with you.
You visited 4 branches of the dungeon, and saw 25 of its levels.
You also visited: Ossuary.

You collected 1740 gold pieces.
You spent 266 gold pieces at shops.

Inventory:

Hand Weapons
 b - a +1 hunting sling
Missiles
 c - 6 atropa-tipped darts
 q - a throwing net
 s - 3 boomerangs
 w - 38 poisoned darts
 L - 159 sling bullets
 S - 5 curare-tipped darts (quivered)
Armour
 p - a +2 ring mail of poison resistance (worn)
 u - the +7 buckler of Leaves (worn) {Dex+3}
   (You acquired it on level 1 of the Lair of Beasts)

   Dex:       It affects your dexterity (+3).
 z - a +0 pair of boots (worn)
 F - a +0 pair of gloves (worn)
 N - a +0 cloak (worn)
 O - a +2 hat of intelligence (worn)
Magical Staves
 a - a staff of conjuration (weapon)
Jewellery
 g - a +4 ring of protection (left hand)
 m - the ring "Kobo" {rCorr SInv}
   (You found it on level 6 of the Lair of Beasts)

   [ring of see invisible]

   SInv:      It lets you see invisible.
   rCorr:     It protects you from acid and corrosion.
 y - a +6 ring of intelligence
 H - an amulet of reflection (around neck)
 K - a ring of protection from fire (right hand)
Wands
 r - a wand of acid (7)
 v - a wand of digging (6)
 B - a wand of paralysis (7)
 G - a wand of flame (70)
 T - a wand of polymorph (8)
 Z - a wand of iceblast (9)
Scrolls
 i - 2 scrolls of immolation
 n - 13 scrolls of teleportation
 o - 2 scrolls of fog
 t - 3 scrolls of silence
 A - a scroll of blinking
 C - 2 scrolls of vulnerability
 D - 2 scrolls of fear
 E - 6 scrolls of identify
 I - 2 scrolls of magic mapping
Potions
 d - 7 potions of haste
 e - a potion of magic
 f - 7 potions of heal wounds
 h - 2 potions of lignification
 k - a potion of resistance
 l - a potion of cancellation
 x - 13 potions of curing
 P - 4 potions of ambrosia
 U - 5 potions of invisibility
Miscellaneous
 j - a phial of floods


   Skills:
 - Level 5.0 Fighting
 - Level 5.0 Armour
 - Level 9.0 Dodging
 - Level 7.0 Stealth
 - Level 7.0 Shields
 - Level 16.0 Spellcasting
 - Level 12.0 Conjurations
 - Level 12.0 Hexes
 + Level 2.4 Summonings
 - Level 9.0 Translocations
 - Level 9.0 Fire Magic
 - Level 9.0 Air Magic
 + Level 10.8 Earth Magic
 - Level 5.0 Evocations


You had 9 spell levels left.
You knew the following spells:

 Your Spells              Type           Power      Damage    Failure   Level
a - Magic Dart            Conj           100%       1d8       1%          1
b - Searing Ray           Conj           100%       2d8       1%          2
c - Fulminant Prism       Conj/Hex       49%        3d21      1%          4
d - Iskenderun's Mystic   Conj/Tloc      94%        2d18      1%          4
e - Iron Shot             Conj/Erth      48%        9d9       2%          6
f - Flame Wave            Conj/Fire      94%        3d15      1%          4
r - Airstrike             Air            34%        N/A       1%          4
s - Stone Arrow           Conj/Erth      100%       3d13      1%          3
v - Spellforged Servitor  Conj/Summ      40%        N/A       50%         7
w - Swiftness             Air            69%        N/A       1%          3

Your spell library contained the following spells:

 Spells                   Type           Power      Damage    Failure   Level
 Freezing Cloud           Conj/Ice/Air   40%        6-21      2%          5
 Apportation              Tloc           100%       N/A       1%          1
 Freeze                   Ice            96%        1d11      1%          1
 Sandblast                Erth           100%       2d20      1%          1
 Shock                    Conj/Air       100%       1d9       1%          1
 Summon Small Mammal      Summ           100%       N/A       1%          1
 Corpse Rot               Necr/Air       N/A        N/A       1%          2
 Ensorcelled Hibernation  Hex/Ice        100%       N/A       1%          2
 Passwall                 Tmut/Erth      45%        N/A       1%          2
 Poisonous Vapours        Pois/Air       100%       N/A       1%          2
 Static Discharge         Conj/Air       94%        N/A       1%          2
 Dazzling Flash           Conj/Hex       100%       N/A       1%          3
 Mephitic Cloud           Conj/Pois/Air  80%        N/A       1%          3
 Summon Guardian Golem    Hex/Summ       62%        N/A       1%          3
 Hailstorm                Conj/Ice       75%        3d15      1%          4
 Sticky Flame             Conj/Fire      94%        2d10      1%          4
 Iskenderun's Battlesphe  Conj           99%        2d15      1%          5
 Lightning Bolt           Conj/Air       47%        1d67      1%          5
 Frozen Ramparts          Ice            48%        1d6       4%          3
 Animate Skeleton         Necr           48%        N/A       5%          1
 Summon Lightning Spire   Summ/Air       57%        N/A       5%          4
 Summon Mana Viper        Hex/Summ       62%        N/A       8%          5
 Orb of Destruction       Conj           49%        9d15      9%          7
 Summon Ice Beast         Ice/Summ       32%        N/A       32%         4
 Ice Form                 Ice/Tmut       24%        N/A       47%         4
 Alistair's Intoxication  Tmut/Pois      16%        N/A       83%         5
 Maxwell's Capacitive Co  Air            34%        ∞         88%         8
 Monstrous Menagerie      Summ           20%        N/A       100%        7
 Polar Vortex             Ice            12%        N/A       100%        9


Dungeon Overview and Level Annotations

Branches:
Dungeon (15/15)            Temple (1/1) D:6            Lair (6/6) D:11
 Shoals (0/4) Lair:4        Snake (3/4) Lair:4        Slime (0/5) Lair:6
    Orc (0/2) D:12         Vaults (0/5) D:13         Depths (0/4) D:15
Ossuary (visited)

Altars:
Ashenzari
Cheibriados
Elyvilon
Fedhas
Gozag
Hepliaklqana
Kikubaaqudgha
Nemelex Xobeh
Okawaru
Qazlal
Ru
Trog
Uskayaw
Vehumet
Wu Jian
Xom
Zin
The Shining One
Jiyva

Shops:
D:1 (   D:8 [?*=[   D:14 *   D:15 *   Snake:1 =

Annotations:
D:14 3 runed translucent doors, Atlas's ghost, novice DgIE


Message History

A shock serpent comes into view.
The shock serpent moves out of view.
The shock serpent hisses angrily.
A shock serpent comes into view.
Casting: Iron Shot (dangerous; 2% risk of failure)
Confirm with . or Enter, or press ? or * to list all spells.
Aiming: Iron Shot (dangerous; 2% risk of failure)
Press: ? - help, Shift-Dir - straight line, f - shock serpent
Aim: a shock serpent (63% to hit)
You feel a surge of power!
The iron shot hits the shock serpent!!
The shock serpent is heavily wounded.
The shock serpent hisses angrily.
You hear a shout!
The shock serpent shoots out a bolt of lightning at you!
The bolt of electricity hits the shock serpent.
The shock serpent completely resists.
The bolt of electricity hits you!!
The shock serpent shoots out a bolt of lightning at you!
The bolt of electricity hits you! The bolt of electricity hits you!!
Casting: Iron Shot (dangerous; 2% risk of failure)
Confirm with . or Enter, or press ? or * to list all spells.
Aiming: Stone Arrow (safe; 1% risk of failure)
Press: ? - help, Shift-Dir - straight line, f/p - shock serpent
Aim: a shock serpent (heavily wounded, 63% to hit)
You feel a surge of power!
The stone arrow hits the shock serpent!
The shock serpent is almost dead.
The shock serpent's electric aura discharges, shocking you!
* * * LOW HITPOINT WARNING * * *
Casting: Stone Arrow (safe; 1% risk of failure)
Confirm with . or Enter, or press ? or * to list all spells.
Aiming: Stone Arrow (safe; 1% risk of failure)
Press: ? - help, Shift-Dir - straight line, f/p - shock serpent
Aim: a shock serpent (almost dead, 63% to hit)
You feel a surge of power!
The stone arrow misses the shock serpent.
The shock serpent shoots out a bolt of lightning at you!
The bolt of electricity misses you. x2
The shock serpent shoots out a bolt of lightning at you!
The bolt of electricity hits you!!
* * * LOW HITPOINT WARNING * * *
The bolt of electricity hits you!
You die...

........##
.........#
.........#
.........#
.........#
.........#
....SS...# ..
#@#
...#######.#
..........#.#
..........#.#
#........#.#
#........#.#
#....†...#.#
#.(........# #
#........#####


You could see 2 shock serpents.

Vanquished Creatures
  Jorgrun (D:12)
  A nagaraja (Snake:3)
  A stone giant (D:15)
  A dire elephant (Lair:6)
  A fire dragon (D:15)
  An ettin (D:13)
  An ice dragon (Lair:6)
  Harold (Lair:1)
  Fannar (D:11)
  9 hydras
  A merfolk avatar (Lair:6)
  4 boulder beetles
  8 naga warriors
  A catoblepas (D:15)
  3 two-headed ogres
  7 centaur warriors
  5 anacondas
  3 tengu warriors
  A death knight (D:14)
  3 naga sharpshooters
  A shock serpent (Snake:1)
  Nergalle (D:12)
  4 skeletal warriors
  A sea snake (Lair:6)
  2 naga ritualists
  A deep troll (D:13)
  2 phantasmal warriors
  A lindwurm (Lair:6)
  2 harpies (Lair:6)
  2 deep elf pyromancers (D:15)
  3 mana vipers
  6 salamanders
  19 ugly things
  4 manticores
  21 black mambas
  6 cyclopes
  A guardian serpent (shapeshifter) (D:14)
  6 naga magi
  A torpor snail (Lair:5)
  4 guardian serpents
  5 elephants
  17 cane toads
  A gargoyle (D:14)
  4 rime drakes
  Psyche (D:12)
  3 kobold demonologists (D:11)
  A freezing wraith (D:15)
  10 komodo dragons
  A tengu conjurer (D:15)
  A meliai (shapeshifter) (D:13)
  2 wind drakes
  3 meliai (D:15)
  3 trolls
  2 slime creatures (D:14)
  6 polar bears
  5 hornets
  9 blink frogs
  A snapping turtle (Lair:5)
  12 dream sheep
  A shadow (D:9)
  4 wraiths
  A vampire (D:13)
  12 wyverns
  54 yaks
  9 basilisks
  A steam dragon (Lair:6)
  7 vampire mosquitoes (D:10)
  8 nagas
  2 acid dragons (D:14)
  8 water moccasins
  An orc warrior (D:9)
  2 hell hounds (D:15)
  A black bear (D:11)
  2 sky beasts
  An ogre (D:6)
  3 necrophages
  21 wolves
  12 centaurs
  2 kobold brigands
  A gnoll sergeant (D:10)
  3 scorpions
  10 bullfrogs
  2 elf skeletons (D:4)
  5 wights (D:9)
  16 killer bees
  A jelly (D:7)
  7 howler monkeys
  2 centaur zombies
  A bullfrog zombie (D:5)
  3 hounds
  4 orc priests
  3 bullfrog skeletons
  A human skeleton (D:4)
  2 iguanas
  3 orc wizards
  6 hell rats (D:15)
  A killer bee zombie (D:8)
  A mummy (Ossuary)
  3 howler monkey zombies
  9 adders
  7 gnolls
  3 white imps
  4 worms
  3 dart slugs
  24 orcs
  5 ball pythons
  10 bats
  7 endoplasms
  3 giant cockroaches
  3 goblins
  6 hobgoblins
  5 jackals
  19 kobolds
  3 quokkas
  5 frilled lizards
  8 gnoll skeletons (Ossuary)
  6 kobold skeletons (Ossuary)
  13 orc skeletons
  5 rats
  A spectral goblin (D:3)
605 creatures vanquished.

Vanquished Creatures (others)
  Aizul (Snake:1)
  A troll (D:14)
  158 fulminant prisms
  44 fungi
  65 plants
269 creatures vanquished.

Grand Total: 874 creatures vanquished

Notes
Turn   | Place    | Note
-------+----------+-------------------------------------------
     0 | D:1      | porpoise the Deep Elf Conjurer began the quest for the Orb.
     0 | D:1      | Reached XP level 1. HP: 10/10 MP: 6/6
   343 | D:1      | Reached XP level 2. HP: 15/15 MP: 5/8
   346 | D:1      | Learned a level 2 spell: Searing Ray
   564 | D:1      | Found Setwakaf's Weapon Emporium.
   564 | D:1      | You fall into a shaft and drop 1 floor!
   576 | D:2      | Reached skill level 4 in Spellcasting
   576 | D:2      | Reached skill level 5 in Conjurations
   576 | D:2      | Reached XP level 3. HP: 19/19 MP: 3/10
  1164 | D:1      | Bought a +0 hunting sling for 19 gold pieces
  1172 | D:1      | Reached XP level 4. HP: 24/24 MP: 10/12
  1192 | D:1      | Learned a level 4 spell: Fulminant Prism
  1197 | D:1      | Learned a level 4 spell: Iskenderun's Mystic Blast
  1695 | D:2      | Reached skill level 1 in Hexes
  1831 | D:2      | Reached skill level 5 in Spellcasting
  2832 | D:3      | Reached XP level 5. HP: 28/28 MP: 4/14
  2901 | D:3      | Found an opulent altar of Gozag.
  3081 | D:3      | Found a faded altar of an unknown god.
  3282 | D:3      | Found an iron altar of Okawaru.
  3412 | D:3      | Found a sacrificial altar of Ru.
  3563 | D:4      | Reached skill level 6 in Spellcasting
  3722 | D:4      | Reached XP level 6. HP: 32/32 MP: 12/17
  3970 | D:4      | Reached skill level 7 in Spellcasting
  3970 | D:4      | Reached skill level 5 in Hexes
  4044 | D:4      | Reached skill level 1 in Translocations
  4106 | D:4      | Reached XP level 7. HP: 36/36 MP: 3/19
  4199 | D:4      | Found a sand-covered staircase.
  4204 | Ossuary  | Entered an ossuary
  4204 | Ossuary  | Noticed a wraith
  4204 | Ossuary  | Noticed a wraith
  4204 | Ossuary  | Noticed a wraith
  4845 | Ossuary  | Noticed a wraith
  4883 | Ossuary  | Killed a wraith
  5620 | D:5      | Entered Level 5 of the Dungeon
  5788 | D:5      | Reached XP level 8. HP: 41/41 MP: 11/20
  5860 | D:5      | Found a hide-covered altar of Uskayaw.
  6600 | D:5      | Reached skill level 5 in Translocations
  6851 | D:6      | Reached skill level 1 in Fighting
  6937 | D:6      | Reached skill level 8 in Spellcasting
  7748 | D:6      | Found a staircase to the Ecumenical Temple.
  7754 | Temple   | Entered the Ecumenical Temple
  7771 | Temple   | Became a worshipper of Vehumet
  8040 | D:7      | Reached skill level 9 in Spellcasting
  8044 | D:7      | Learned a level 3 spell: Swiftness
  8049 | D:7      | Learned a level 4 spell: Airstrike
  8122 | D:7      | Reached XP level 9. HP: 50/50 MP: 16/24
  8177 | D:7      | Noticed a two-headed ogre
  8185 | D:7      | Killed a two-headed ogre
  8186 | D:7      | Reached skill level 5 in Dodging
  8369 | D:7      | Noticed a troll
  8375 | D:7      | Killed a troll
  8999 | D:7      | Reached skill level 10 in Spellcasting
  9189 | D:8      | Found Lecvaocs's Armour Shoppe.
  9197 | D:8      | Bought a +0 buckler for 72 gold pieces
  9316 | D:8      | Found Muohoiza's Jewellery Emporium.
  9387 | D:8      | Found Vuicet's Magic Scroll Shop.
  9527 | D:8      | Reached XP level 10. HP: 56/56 MP: 18/26
  9775 | D:8      | Found Xirajywk's Antique Armour Emporium.
  9805 | D:8      | Found Jumagg's Assorted Antiques.
  9821 | D:8      | Bought a glowing hat for 175 gold pieces
 10121 | D:9      | Found a broken altar of Ashenzari.
 10129 | D:9      | Reached * piety under Vehumet
 10129 | D:9      | Offered knowledge of Foxfire by Vehumet.
 10310 | D:9      | Identified the +10 whip "Fyschoa" {pain, Str+5}
 10361 | D:9      | Reached skill level 5 in Stealth
 10567 | D:9      | Reached skill level 11 in Spellcasting
 10939 | D:9      | Found an ancient bone altar of Kikubaaqudgha.
 11487 | D:9      | You fall into a shaft and drop 1 floor!
 11487 | D:10     | Entered Level 10 of the Dungeon
 11958 | D:10     | Found a shimmering altar of Xom.
 11971 | D:10     | Reached skill level 1 in Shields
 11971 | D:10     | Reached skill level 12 in Spellcasting
 12260 | D:10     | Reached ** piety under Vehumet
 12260 | D:10     | Offered knowledge of Freeze by Vehumet.
 12288 | D:10     | Noticed a two-headed ogre
 12298 | D:10     | Killed a two-headed ogre
 12299 | D:10     | Reached skill level 1 in Air Magic
 12372 | D:10     | Noticed a two-headed ogre
 12378 | D:10     | Killed a two-headed ogre
 12741 | D:10     | Got the Handbook of Icy Envenoming
 12753 | D:10     | Learned a level 6 spell: Iron Shot
 12887 | D:10     | Reached XP level 11. HP: 61/61 MP: 17/29
 12976 | D:10     | Found a glowing golden altar of the Shining One.
 13052 | D:10     | Found a blossoming altar of Fedhas.
 13243 | D:11     | Noticed Sonja
 13245 | D:11     | Noticed Sonja
 13245 | D:11     | Sonja changed into Sonja the basilisk
 13248 | D:11     | Killed Sonja the basilisk
 13562 | D:11     | Found a staircase to the Lair.
 13658 | D:11     | Noticed Fannar
 13670 | D:11     | Killed Fannar
 13979 | D:11     | Reached skill level 5 in Fighting
 13981 | D:11     | Reached skill level 1 in Evocations
 13985 | D:11     | Reached skill level 5 in Air Magic
 14000 | D:11     | Reached skill level 1 in Earth Magic
 14008 | D:11     | Noticed a centaur warrior
 14214 | D:11     | Killed a centaur warrior
 15328 | Lair:1   | Entered Level 1 of the Lair of Beasts
 15464 | Lair:1   | Noticed Harold
 15480 | Lair:1   | Killed Harold
 15481 | Lair:1   | Reached skill level 5 in Earth Magic
 15481 | Lair:1   | Reached skill level 5 in Evocations
 16000 | Lair:1   | Offered knowledge of Ignite Poison by Vehumet.
 16367 | Lair:1   | Identified a scroll of acquirement
 16368 | Lair:1   | Acquired the +7 buckler of Leaves {Dex+3}
 16732 | Lair:1   | Reached XP level 12. HP: 68/68 MP: 21/30
 16835 | Lair:1   | Found a hide-covered altar of Uskayaw.
 16835 | Lair:1   | Found an ornate altar of the Wu Jian Council.
 16835 | Lair:1   | Noticed a boulder beetle
 16844 | Lair:1   | Killed a boulder beetle
 17584 | Lair:2   | Found a hide-covered altar of Uskayaw.
 17867 | Lair:2   | Noticed a five-headed hydra
 17873 | Lair:2   | Killed a five-headed hydra
 20028 | Lair:4   | Found a staircase to the Snake Pit.
 20047 | Lair:4   | Noticed a seven-headed hydra
 20307 | Lair:4   | Killed a seven-headed hydra
 20798 | Lair:4   | Found a snail-covered altar of Cheibriados.
 20870 | Lair:4   | Found a staircase to the Shoals.
 21128 | Lair:4   | Reached *** piety under Vehumet
 22659 | Lair:5   | Reached XP level 13. HP: 72/72 MP: 9/31
 22978 | Lair:5   | Offered knowledge of Stone Arrow by Vehumet.
 23303 | Lair:5   | Learned a level 3 spell: Stone Arrow
 23777 | Lair:5   | Acquired a staff of conjuration
 24102 | Lair:5   | Reached **** piety under Vehumet
 24181 | Lair:5   | Reached skill level 10 in Hexes
 25282 | D:12     | Offered knowledge of Flame Wave by Vehumet.
 25288 | D:12     | Learned a level 4 spell: Flame Wave
 25519 | D:12     | Found a staircase to the Orcish Mines.
 25526 | D:12     | Noticed Nergalle
 25531 | D:12     | Killed Nergalle
 25532 | D:12     | Reached skill level 1 in Fire Magic
 25547 | D:12     | Noticed Jorgrun
 25555 | D:12     | Killed Jorgrun
 26314 | D:12     | Noticed Psyche
 26321 | D:12     | Killed Psyche
 26529 | D:12     | Upgraded the game from 0.28-a0-556-gab23d0e057 to
                  | 0.28-a0-563-gf77a47075d
 26690 | D:13     | Noticed an ettin
 26694 | D:13     | Killed an ettin
 26899 | D:13     | Found a gate to the Vaults.
 27343 | D:13     | Reached skill level 5 in Fire Magic
 27640 | D:13     | You fall into a shaft and drop 2 floors!
 27640 | D:15     | Entered Level 15 of the Dungeon
 27810 | D:15     | Found Huiwapo's Gadget Gallery.
 27970 | D:15     | Reached skill level 13 in Spellcasting
 28333 | D:14     | Found a runed translucent gate.
 28333 | D:14     | Found a runed translucent gate.
 28334 | D:14     | Found a runed translucent gate.
 28335 | D:14     | Found an opulent altar of Gozag.
 28336 | D:14     | Found Boutilia's Assorted Antiques.
 28336 | D:14     | Noticed a tengu reaver
 28337 | D:14     | Noticed Atlas's ghost (novice DgIE)
 28710 | D:14     | Reached XP level 14. HP: 78/78 MP: 24/33
 29762 | D:14     | Reached skill level 14 in Spellcasting
 30551 | D:14     | Reached skill level 15 in Spellcasting
 30947 | D:15     | Found a staircase to the Depths.
 30947 | D:15     | Noticed a stone giant
 30950 | D:15     | Killed a stone giant
 31307 | D:15     | Reached skill level 10 in Conjurations
 31664 | D:15     | Reached skill level 16 in Spellcasting
 31666 | D:15     | Reached ***** piety under Vehumet
 31666 | D:15     | Offered knowledge of Lee's Rapid Deconstruction by Vehumet.
 32399 | Lair:6   | Entered Level 6 of the Lair of Beasts
 32561 | Lair:6   | Reached skill level 5 in Shields
 32746 | Lair:6   | Reached XP level 15. HP: 80/82 MP: 35/37
 33760 | Lair:6   | Found a viscous altar of Jiyva.
 33761 | Lair:6   | Found a staircase to the Slime Pits.
 34833 | Lair:6   | Got Sysm's Disquisition on Transformation and Confrontation
 34893 | Lair:6   | Identified the ring "Kobo" {rCorr SInv}
 35517 | Snake:1  | Entered Level 1 of the Snake Pit
 35814 | Snake:1  | Reached skill level 1 in Armour
 37026 | Snake:1  | Found Vaybror's Jewellery Shoppe.
 37319 | Snake:1  | Noticed Aizul
 37330 | Snake:1  | Killed Aizul
 38929 | Snake:2  | Reached skill level 10 in Earth Magic
 39006 | Snake:2  | Offered knowledge of Freezing Cloud by Vehumet.
 39434 | Snake:2  | Learned a level 7 spell: Spellforged Servitor
 39805 | Snake:2  | Reached skill level 5 in Armour
 40112 | Snake:3  | Noticed a nagaraja
 40116 | Snake:3  | Killed a nagaraja
 40117 | Snake:3  | Reached skill level 1 in Summonings
 40117 | Snake:3  | Reached XP level 16. HP: 66/87 MP: 30/38
 40589 | Snake:3  | Killed from afar by a shock serpent

Illustrated notes

Levels and vault maps discovered:
D:1:      dpeg_arrival_pond, layout_loops_ring, serial_shops, shop,
          grunt_decor_resistance, minivault_26,
          hangedman_abyss_or_decor_lesser_grid, kennysheep_flooded_box,
          st_stairs_5, minmay_crystal_room, supply_closet_lemuel
D:2:      layout_loops_ring
D:3:      layout_rooms, okawaru_trees_1, hangedman_ru_absence,
          mainiacjoe_overflow_boulevard,
          dreamdust_ecumenical_altar_drowned_temple
D:4:      layout_loops_ring, nicolae_ossuary_entry_catacombs
D:5:      layout_basic, eat_drink_and_be_merry_uskayaw, abandoned_shop,
          palyth_stone_intersect, minmay_door_square, chequers_avenue
D:6:      layout_basic, minmay_temple_entry_proselytizer
D:7:      layout_gridville, minmay_misc_feat_roman
D:8:      layout_cave_pools, serial_shops, shop, shop, shop, nicolae_shop_stone,
          kennysheep_mini
D:9:      layout_roguey, lemuel_crystal_altar, evilmike_ruin_ashenzari
D:10:     layout_irregular_city, kennysheep_little_box, fedhas_altar_fruit_tree,
          mainiacjoe_overflow_paths, eino_jars
D:11:     layout_gridville, david_lair_generic, serial_bayou_pond_e,
          grunt_ministairs_1, uniq_fannar, uniq_sonja
D:12:     layout_irregular_city, orc_0_dummy, uniq_nergalle, uniq_jorgrun,
          uniq_psyche
D:13:     layout_loops_ring, david_vaults_4
D:14:     layout_loops_ring, ebering_ghost_gozag, grunt_ministairs_8
D:15:     grunt_enter_depths_snipers, layout_rooms, grunt_decor_fettered,
          special_room [special_room_mythical_zoo], nicolae_shop_gadgets
Temple:   dshaligram_water_room_temple
Lair:1:   layout_big_grid, cheibrodos_lair_caveside_slide,
          nzn_masters_of_martial_movement, uniq_harold
Lair:2:   layout_chaotic_city, basic_altar
Lair:3:   layout_misc_corridors, beast_lair_carwin_11, grunt_megastairs_5
Lair:4:   layout_small_grid, elwin_shoals_entry_rocks,
          minmay_snake_entry_spellcaster, basic_altar
Lair:5:   layout_regular_city, minivault_24, serial_bayou_pond_d, st_stairs_9,
          infiniplex_staircase_pool_2
Lair:6:   gammafunk_lair_ancient_temple, layout_small_grid, slime_altar_1,
          bobbens_ice_dragon_lair
Snake:1:  layout_onion_interference, serial_shops, shop, serial_bayou_shore_b,
          uniq_aizul
Snake:2:  layout_honeycomb
Snake:3:  layout_basic, nicolae_snake_single_loop

Skill      XL: |  1  2  3  4  5  6  7  8  9 10 11 12 13 14 15 16 |
---------------+-------------------------------------------------+-----
Spellcasting   | 4 5 6 7 9 10 12 13 16 | 16.0
Conjurations   | 5 6 7 9 11 12 | 12.0
Hexes          | 2 4 5 7 9 12 | 12.0
Translocations | 1 4 5 7 9 |  9.0
Fighting       | 3 4 5 |  5.0
Dodging        | 3 7 9 |  9.0
Stealth        | 4 7 |  7.0
Shields        | 4 5 7 |  7.0
Air Magic      | 3 5 6 7 9 |  9.0
Evocations     | 5 |  5.0
Earth Magic    | 6 9 10 | 10.8
Fire Magic     | 6 9 |  9.0
Armour         | 5 |  5.0
Summonings     | 1 2 |  2.4

Action                   |  1- 3 |  4- 6 |  7- 9 | 10-12 | 13-15 | 16-18 || total
-------------------------+-------+-------+-------+-------+-------+-------++-------
Melee: Short sword       |       |       |     1 |       |       |       ||     1
       Whip              |       |       |       |     4 |       |       ||     4
       Hunting sling     |       |       |       |     2 |     1 |       ||     3
       Staff             |       |       |       |       |    14 |       ||    14
 Fire: Hunting sling     |     1 |    56 |    95 |   100 |    51 |       ||   303
Throw: Dart              |       |       |       |     4 |     7 |       ||    11
 Cast: Magic Dart        |    31 |    31 |       |     1 |     3 |       ||    66
       Searing Ray       |     5 |    43 |    68 |   102 |    43 |     2 ||   263
       Iskenderun's Myst |       |       |    10 |    67 |   103 |     6 ||   186
       Fulminant Prism   |       |       |    16 |    62 |    80 |       ||   158
       Stone Arrow       |       |       |       |       |    84 |     7 ||    91
       Iron Shot         |       |       |       |       |   147 |     8 ||   155
       Flame Wave        |       |       |       |       |     8 |       ||     8
       Swiftness         |       |       |       |       |     1 |       ||     1
Evoke: Wand              |       |       |       |     1 |     6 |       ||     7
  Use: Scroll            |       |    11 |     5 |    23 |     5 |       ||    44
       Potion            |       |       |       |     1 |     2 |       ||     3
 Stab: Sleeping          |       |       |       |       |     1 |       ||     1
Armor: Robe              |     2 |    11 |    19 |    36 |    12 |       ||    80
       Acid dragon scale |       |       |       |       |     9 |       ||     9
       Ring mail         |       |       |       |       |    11 |       ||    11
Dodge: Dodged            |     6 |    21 |    23 |    70 |    54 |     3 ||   177
Block: Other             |       |       |     2 |     6 |       |       ||     8
       Reflection        |       |       |       |    10 |    29 |     2 ||    41
       Buckler           |       |       |       |    76 |   112 |     7 ||   195

Table legend: (Time is in decaauts)
 A = Elapsed time spent in this place.
 B = Non-inter-level travel time spent in this place.
 C = Inter-level travel time spent in this place.
 D = Time resting spent in this place.
 E = Time spent auto-exploring this place.
 F = Levels seen in this place.
 G = Mean time per level.
                   A        B        C        D        E       F      G
               +--------+--------+--------+--------+--------+-----+--------+
         Total |  40765 |  38988 |   1777 |  20802 |  11255 |  26 | 1567.9 |
       Dungeon |  22163 |  21216 |    947 |  10214 |   7004 |  15 | 1477.5 |
        Temple |     30 |     17 |     13 |      0 |      7 |   1 |   30.0 |
          Lair |  13423 |  12671 |    752 |   7727 |   2956 |   6 | 2237.2 |
     Snake Pit |   4256 |   4192 |     64 |   2415 |   1287 |   3 | 1418.7 |
       Ossuary |    890 |    890 |      0 |    445 |      0 |   1 |  890.0 |
               +--------+--------+--------+--------+--------+-----+--------+

Top non-repeatable levels by time:
  Lair:5: 3207 daAuts
  Lair:4: 2837 daAuts
    D:11: 2711 daAuts
 Snake:2: 2242 daAuts
    D:14: 2238 daAuts
  Lair:1: 2126 daAuts
  Lair:6: 2119 daAuts
 Snake:1: 1784 daAuts
    D:15: 1769 daAuts
    D:10: 1626 daAuts
  Lair:2: 1620 daAuts
     D:9: 1591 daAuts
  Lair:3: 1513 daAuts
    D:12: 1494 daAuts
    D:13: 1413 daAuts
